 Dungeon Crawl Stone Soup version 0.18-a0-1515-g333d932 (webtiles) character file.

680 Gottschkopf the Ducker (level 7, -4/60 HPs)
             Began as a Mottled Draconian Berserker on Mar 7, 2016.
             Was a Priest of Trog.
             Slain by an orc warrior
             ... wielding a +0 mace
              (13 damage)
             ... on level 5 of the Dungeon.
             The game lasted 00:10:26 (4756 turns).

Gottschkopf the Ducker (DrBe)                       Turns: 4756, Time: 00:10:26

Health: -4/60      AC:  9    Str: 22    XL:     7   Next: 34%
Magic:  7/7        EV: 14    Int:  7    God:    Trog [***...]
Gold:   305        SH:  0    Dex: 10    Spells: 0 memorised, 6 levels left

rFire  . . .     SeeInvis .     a - +0 mace
rCold  . . .     Gourm    .     (armour unavailable)
rNeg   + . .     Faith    .     (no shield)
rPois  .         Spirit   .     (helmet restricted)
rElec  .         Dismiss  .     (no cloak)
rCorr  .         Reflect  .     (no gloves)
SustAt .         Harm     .     n - +2 pair of boots
MR     ++...                    (no amulet)
Stlth  +.........               r - ring of positive energy
                                t - +3 ring of slaying

@: short of breath, regenerating, very resistant to hostile enchantments, very
unstealthy
A: breathe sticky flame splash, unfitting armour, cold-blooded, AC +6
a: Breathe Sticky Flame, Berserk, Trog's Hand, Burn Spellbooks, Renounce
Religion


You were on level 5 of the Dungeon.
You worshipped Trog.
Trog was most pleased with you.
You were very hungry.

You visited 1 branch of the dungeon, and saw 5 of its levels.

You collected 305 gold pieces.

Inventory:

Hand Weapons
 a - a +0 mace (weapon)
Armour
 n - a +2 pair of boots (worn)
Jewellery
 g - an uncursed ring of magical power
 r - a ring of positive energy (right hand)
 t - a +3 ring of slaying (left hand)
Wands
 p - a wand of flame (18/48)
Scrolls
 d - 2 scrolls of remove curse {unknown}
 f - 2 scrolls of enchant armour {unknown}
 j - 4 scrolls of identify {unknown}
 m - a scroll of enchant weapon {unknown}
 s - a scroll of fog {unknown}
 u - a scroll of amnesia {unknown}
Potions
 c - a potion of berserk rage {unknown}
 e - 6 potions of curing
 h - a potion of cure mutation {unknown}
 i - 2 potions of heal wounds {unknown}
 k - 2 potions of brilliance {unknown}
 o - a potion of beneficial mutation {unknown}
 q - a potion of agility {unknown}
Comestibles
 b - 2 bread rations
 l - a meat ration


   Skills:
 - Level 4.4 Fighting
 - Level 4.0 Maces & Flails
 + Level 7.0 Dodging


You had 6 spell levels left.
You didn't know any spells.

Dungeon Overview and Level Annotations

Branches:
Dungeon (5/15)
 Temple: D:4-7

Altars:
Ashenzari
Elyvilon
Kikubaaqudgha
Makhleb
Nemelex Xobeh
Trog
Vehumet
Xom
The Shining One


Innate Abilities, Weirdness & Mutations

You can spit globs of burning liquid.
You can ignite nearby creatures when you spit burning liquid.
Your weird mottled scales are hard (AC +6).
Your body does not fit into most forms of armour.
You are cold-blooded and may be slowed by cold attacks.


Message History

You're too hungry to go berserk.
You barely miss the orc warrior.
You tail-slap the orc warrior, but do no damage.
The orc warrior is lightly wounded.
The orc warrior completely misses you. The orc hits you but does no damage.
Eat which item? (? for menu, Esc to quit)
Okay, then.
Your skin crawls.
You feel resistant to hostile enchantments.
You feel slightly more hungry. The orc warrior closely misses you.
The orc barely misses you.
Press: ? - help, Shift-Dir - straight line, f - orc warrior
Aim: an orc warrior, wielding a mace and wearing a chain mail (lightly wounded)
You spit a glob of burning liquid.
The splash of liquid fire hits the orc warrior.
The orc warrior is moderately wounded.
The orc warrior is covered in liquid flames!
You feel somewhat more hungry.
The orc warrior burns!
The orc warrior hits you with a mace!
You die...

..##.(###...................#
.###..(.#...(................
## ##...(....................
## ###......................
.# #####..........)....... .#
###).......<.......#. .#
##..)..#.o.........## .#
#..#[).#.o).....#### .#
#####.##.....@).....#
.###.....##.#.#..........
.##...........#...#####...
..............#.....# ..#.
###.............#...# .#.
#............##.._#
#..........########
#..........####.._#
#....(........#...#


You could see an orc warrior (burning) and an orc.

Vanquished Creatures
  2 ogres
  A centaur (D:5)
  2 scorpions
  A hound (D:4)
  3 orc priests (D:5)
  An iguana (D:4)
  A worker ant (D:5)
  5 adders
  5 worms
  An adder skeleton (D:5)
  A dart slug (D:1)
  9 orcs
  3 ball pythons
  2 giant cockroaches
  7 goblins
  10 hobgoblins
  4 jackals (D:3)
  4 quokkas
  11 bats
  5 giant newts
  10 kobolds
  9 rats
97 creatures vanquished.

Vanquished Creatures (others)
  A hobgoblin (D:3)
1 creature vanquished.

Grand Total: 98 creatures vanquished

Notes
Turn   | Place    | Note
--------------------------------------------------------------
     0 | D:1      | Gottschkopf the Draconian Berserker began the quest for the Orb.
     0 | D:1      | Reached XP level 1. HP: 19/19 MP: 1/1
   186 | D:1      | Reached XP level 2. HP: 23/26 MP: 2/2
   368 | D:1      | Reached skill level 3 in Dodging
   953 | D:2      | Reached XP level 3. HP: 26/33 MP: 3/3
  1159 | D:2      | Found a sparkling altar of Nemelex Xobeh.
  1193 | D:2      | Reached ** piety under Trog
  1461 | D:2      | Found a shimmering altar of Xom.
  1461 | D:2      | Found a shimmering altar of Xom.
  1463 | D:2      | Found a shimmering altar of Xom.
  1464 | D:2      | Found a shimmering altar of Xom.
  2018 | D:3      | Noticed a scorpion
  2033 | D:3      | Killed a scorpion
  2033 | D:3      | Reached XP level 4. HP: 7/40 MP: 4/4
  2040 | D:3      | HP: 2/40 [poisoned by a scorpion]
  2544 | D:3      | Reached XP level 5. HP: 47/47 MP: 5/5
  2557 | D:3      | Reached skill level 4 in Dodging
  2565 | D:3      | Reached *** piety under Trog
  2608 | D:3      | Found a burning altar of Makhleb.
  2608 | D:3      | Found an ancient bone altar of Kikubaaqudgha.
  2670 | D:3      | Found a radiant altar of Vehumet.
  3146 | D:4      | Found a shattered altar of Ashenzari.
  3322 | D:4      | Noticed an ogre
  3334 | D:4      | Killed an ogre
  3334 | D:4      | Reached skill level 5 in Dodging
  3334 | D:4      | Reached XP level 6. HP: 14/53 MP: 6/6
  3553 | D:4      | Found a white marble altar of Elyvilon.
  4005 | D:5      | Entered Level 5 of the Dungeon
  4061 | D:5      | Found a bloodstained altar of Trog.
  4069 | D:5      | Reached skill level 6 in Dodging
  4236 | D:5      | Your scales start taking on a weird mottled colour.
  4236 | D:5      | Reached XP level 7. HP: 45/60 MP: 7/7
  4732 | D:5      | Found a glowing golden altar of the Shining One.
  4752 | D:5      | Reached skill level 7 in Dodging
  4756 | D:5      | Slain by an orc warrior

Vault maps used:
D:1:      lemuel_arrival_broad_hall
D:2:      nicolae_overflow_hidden_temple, grunt_ministairs_6, xom_redecorated
D:3:      fiery_altar_vehumet, gammafunk_temple_overflow_elements
D:4:      elyvilon_altar_3, lemuel_coloured_pillars_altar
D:5:      nicolae_overflow_quartered_altars, first_bread

Skill      XL: |  1  2  3  4  5  6  7 |
---------------+----------------------+-----
Dodging        | 3 5 6 7 |  7.0
Fighting       | 4 |  4.4
Maces & Flails | 4 |  4.0

Action                   |  1- 3 |  4- 6 |  7- 9 || total
-------------------------+-------+-------+-------++-------
Melee: Mace              |   148 |   154 |    26 ||   328
Invok: Berserk           |     3 |     4 |       ||     7
       Trog's Hand       |       |       |     1 ||     1
 Abil: Breathe Sticky Fl |       |       |     1 ||     1
  Use: Potion            |       |     3 |       ||     3
 Stab: Sleeping          |     1 |       |       ||     1
  Eat: Chunk             |     6 |     8 |     1 ||    15
       Beef jerky        |       |     1 |       ||     1
       Royal jelly       |       |     1 |       ||     1
